 Dungeon Crawl Stone Soup version 0.24.0-1-gfbc8707122 (webtiles) character file.

Game seed: 10557512027692855089, levelgen mode: deterministic

224 Fanfaron the Chopper (level 5, -7/47 HPs)
             Began as a Minotaur Fighter on Oct 28, 2019.
             Killed by divine providence
             ... invoked by an orc priest
              (13 damage)
             ... on level 3 of the Dungeon.
             The game lasted 00:07:10 (1792 turns).

Fanfaron the Chopper (Minotaur Fighter)             Turns: 1792, Time: 00:07:10

Health: -7/47      AC: 14    Str: 26    XL:     5   Next: 67%
Magic:  4/4        EV:  2    Int:  5    God:
Gold:   118        SH: 10    Dex: 10    Spells: 4/4 levels left

rFire    + . .     SeeInvis .   a - +0 war axe
rCold    + . .     Gourm    .   c - +0 shield
rNeg     + . .     Faith    .   e - +0 gold dragon scales
rPois    +         Spirit   .   (helmet restricted)
rElec    .         Reflect  .   (no cloak)
rCorr    .         Harm     .   (no gloves)
MR       .....                  (no boots)
Stlth    ..........             (no amulet)
HPRegen  0.15/turn              m - ring of positive energy
MPRegen  0.09/turn              (no ring)

@: mighty
A: retaliatory headbutt, horns 2
a: no special abilities


You were on level 3 of the Dungeon.
You were not hungry.

You visited 1 branch of the dungeon, and saw 3 of its levels.

You collected 118 gold pieces.

Inventory:

Hand Weapons
 a - a +0 war axe (weapon)
Armour
 b - a +0 scale mail
 c - a +0 shield (worn)
 e - +0 gold dragon scales (worn)
Jewellery
 m - a ring of positive energy (left hand)
 p - an uncursed ring of wizardry {unknown}
Scrolls
 i - 2 scrolls of enchant armour {unknown}
 j - 3 scrolls of magic mapping {unknown}
 k - a scroll of teleportation {unknown}
 l - a scroll of identify {unknown}
 n - 2 scrolls of enchant weapon {unknown}
 r - a scroll of fog {unknown}
Potions
 g - a potion of curing {unknown}
 h - a potion of haste {unknown}
 o - a potion of cancellation {unknown}
Comestibles
 f - 3 rations
 q - 7 chunks of flesh


   Skills:
 + Level 4.7 Fighting
 * Level 4.9 Axes
 + Level 4.7 Armour
 + Level 4.7 Shields


You had 4 spell levels left.
You didn't know any spells.
Your spell library was empty.

Dungeon Overview and Level Annotations

Branches:
Dungeon (3/15)

Altars:


Innate Abilities, Weirdness & Mutations

You reflexively headbutt those who attack you in melee.
You have a pair of horns on your head.


Message History

The ogre is heavily wounded.
The ogre hits you with a +0 giant spiked club!
Your gold dragon scales prevents you from hitting the ogre.
Your headbutt misses the ogre.
The ogre is heavily wounded.
The ogre hits you with a +0 giant spiked club!!
An orc priest comes into view. It is wielding a +0 hand axe.
The orc priest shouts!
You feel very mighty all of a sudden.
You slash the ogre!
You kill the ogre!
An orc comes into view.
It is wielding a +0 mace and wearing a +0 ring mail of magic resistance.
The orc priest mumbles some strange prayers to Beogh against you.
Beogh smites you!
* * * LOW HITPOINT WARNING * * *
You hear a shout!
You see here a +0 giant spiked club.
The orc priest calls down the wrath of Beogh upon you.
Beogh smites you!
You die...

.o. #.# ######.#
#......# #.####.# #
#. #)# #. #.####o###
#.####### ##........#
#.......#
.......@..#####.###.#
.#.##......?....# #.#
#.###....#####.###.#
#........# #.....#
######.### ###.###
#..# #.##### #...#
#.#...# ....#..
#...#.# ###.###..
###...#


You could see an orc priest.

Vanquished Creatures
  An ogre (D:3)
  An orc priest (D:3)
  4 adders (D:2)
  An ooze (D:2)
  2 worms
  2 dart slugs
  A leopard gecko (D:2)
  3 orcs (D:3)
  9 bats
  2 giant cockroaches
  10 goblins
  5 hobgoblins
  3 jackals (D:1)
  5 frilled lizards
  4 kobolds
  6 rats
59 creatures vanquished.

Notes
Turn   | Place    | Note
-------+----------+-------------------------------------------
     0 | D:1      | Fanfaron the Minotaur Fighter began the quest for the Orb.
     0 | D:1      | Reached XP level 1. HP: 19/19 MP: 0/0
   155 | D:1      | Reached XP level 2. HP: 26/27 MP: 1/1
   700 | D:2      | Reached XP level 3. HP: 30/33 MP: 2/2
   928 | D:2      | Reached XP level 4. HP: 37/40 MP: 3/3
  1567 | D:3      | Noticed an ogre
  1751 | D:3      | Reached XP level 5. HP: 47/47 MP: 4/4
  1787 | D:3      | Killed an ogre
  1792 | D:3      | Killed from afar by an orc priest

Levels and vault maps discovered:
D:1:      minmay_arrival_jagged, layout_basic, item_on_display_a
D:2:      minmay_alternating_diamond, layout_basic
D:3:      layout_loops_corners, overflow_temple_1_default, serial_glass,
          glass_columns_b, glass_columns_b, minmay_strange_pillars,
          due_unseen_surprise, minmay_strange_pillars,
          chequers_serial_rivers_micro_c

Skill      XL: |  1  2  3  4 |
---------------+-------------+-----
Axes           | 3 4 |  4.9
Fighting       | 4 |  4.7
Armour         | 4 |  4.7
Shields        | 4 |  4.7

Action                   |  1- 3 |  4- 6 || total
-------------------------+-------+-------++-------
Melee: War axe           |   136 |    68 ||   204
       Headbutt          |    14 |     8 ||    22
  Use: Scroll            |       |     1 ||     1
       Potion            |       |     1 ||     1
  Eat: Chunk             |       |     3 ||     3
Armor: Gold dragon scale |   194 |    34 ||   228
       Scale mail        |     5 |       ||     5
Dodge: Dodged            |    13 |     3 ||    16
Block: Shield            |    97 |    28 ||   125
